General information
- name: BNet
- type: Ladder 1vs1/FFA
- host: Battle.net
- saver: bugaloo
map: TidewaterGlades
- players: 2
- length: 31:17
- speed: Fast
- version: 1.26 W3XP
- replay type: Public
» download(93 KB)
Players
team 1 (winner)
bugaloo (
orange | 70 APM | 2197 actions | 31:17)
5 Archmage
2 Blizzard
3 Brilliance Aura
5 Blood Mage
3 Banish
2 Flame Strike
» actions
| Assign group hotkey | 50 | |
| Basic commands | 48 | |
| Build / train | 101 | |
| ESC pressed | 1 | |
| Enter build submenu | 40 | |
| Enter hero's abilities submenu | 10 | |
| Give item / drop item | 6 | |
| Right click | 830 | |
| Select / deselect | 455 | |
| Select group hotkey | 395 | |
| Use ability | 261 | |
2197 total
» units
| Peasant | 18 | |
| Sorceress | 2 | |
| Dragonhawk Rider | 5 | |
| Gryphon Rider | 5 | |
| Goblin Shredder | 1 | |
| Flying Machine | 1 | |
32 total
» upgrades
| Masonry | 3 | |
| Sorceress Training | 2 | |
| Magic Sentry | 1 | |
| Cloud | 1 | |
| Storm Hammers | 1 | |
| Lumber Harvesting | 2 | |
| Gunpowder | 2 | |
| Armor | 1 | |
| Fragmentation Shards | 1 | |
| Flare | 1 | |
15 total
» buildings
| Altar of Kings | 1 | |
| Farm | 9 | |
| Arcane Vault | 1 | |
| Scout Tower | 31 | |
| Lumber Mill | 1 | |
| Arcane Tower | 4 | |
| Keep | 1 | |
| Guard Tower | 10 | |
| Arcane Sanctum | 1 | |
| Castle | 1 | |
| Gryphon Aviary | 3 | |
| Town Hall | 2 | |
| Blacksmith | 2 | |
| Workshop | 2 | |
69 total
» build order
01:29 Altar of Kings
01:53 Farm
01:54 Farm
02:25 Arcane Vault
02:35 Scout Tower
02:43 Lumber Mill
04:22 Farm
04:26 Arcane Tower
04:42 Scout Tower
04:45 Scout Tower
05:17 Keep
05:25 Guard Tower
05:52 Scout Tower
06:02 Farm
06:22 Guard Tower
06:27 Scout Tower
06:28 Scout Tower
06:42 Scout Tower
06:43 Scout Tower
07:02 Arcane Tower
07:15 Guard Tower
08:30 Arcane Sanctum
10:05 Castle
10:33 Gryphon Aviary
10:53 Gryphon Aviary
10:55 Gryphon Aviary
11:08 Farm
11:08 Farm
11:11 Farm
13:13 Farm
16:51 Farm
17:14 Guard Tower
17:27 Scout Tower
17:27 Scout Tower
17:28 Scout Tower
17:31 Town Hall
17:32 Scout Tower
17:33 Scout Tower
18:25 Arcane Tower
18:26 Guard Tower
18:28 Scout Tower
19:01 Arcane Tower
19:07 Scout Tower
19:08 Scout Tower
19:09 Scout Tower
19:09 Scout Tower
19:52 Scout Tower
19:53 Scout Tower
19:53 Scout Tower
20:08 Guard Tower
20:34 Guard Tower
20:41 Blacksmith
20:42 Blacksmith
21:42 Scout Tower
21:42 Scout Tower
21:48 Scout Tower
22:41 Guard Tower
24:15 Guard Tower
24:22 Workshop
24:26 Workshop
24:43 Scout Tower
24:43 Scout Tower
24:44 Scout Tower
24:45 Scout Tower
24:46 Scout Tower
24:47 Scout Tower
24:49 Scout Tower
26:20 Guard Tower
26:23 Town Hall
» items
| Boots of Speed | 2 | |
| Lesser Clarity Potion | 3 | |
| Scroll of Regeneration | 9 | |
| Potion of Healing | 4 | |
| Staff of Teleportation | 3 | |
| Ivory Tower | 3 | |
| Scroll of Town Portal | 1 | |
| Staff of Sanctuary | 1 | |
26 total
team 2 (loser)

»
StrategicDeathx (
yellow | 47 APM | 1470 actions | 31:16)
4 Blademaster
2 Wind Walk
2 Critical Strike
3 Shadow Hunter
2 Hex
1 Serpent Ward
3 Tauren Chieftain
1 War Stomp
2 Endurance Aura
» actions
| Assign group hotkey | 1 | |
| Basic commands | 38 | |
| Build / train | 89 | |
| ESC pressed | 1 | |
| Enter build submenu | 21 | |
| Enter hero's abilities submenu | 10 | |
| Give item / drop item | 5 | |
| Remove unit from queue | 2 | |
| Right click | 776 | |
| Select / deselect | 429 | |
| Use ability | 98 | |
1470 total
» units
| Peon | 32 | |
| Grunt | 2 | |
| Wind Rider | 8 | |
| Shaman | 3 | |
| Raider | 4 | |
49 total
» upgrades
| Spiked Barricades | 1 | |
| Armor | 1 | |
| Envenomed Spears | 1 | |
| Shaman Training | 2 | |
| Reinforced Defenses | 1 | |
| Ranged Weapons | 1 | |
| Ensnare | 1 | |
8 total
» buildings
| Altar of Storms | 1 | |
| Orc Burrow | 7 | |
| War Mill | 1 | |
| Voodoo Lounge | 1 | |
| Watch Tower | 5 | |
| Barracks | 1 | |
| Stronghold | 1 | |
| Fortress | 1 | |
| Beastiary | 1 | |
| Spirit Lodge | 1 | |
| Great Hall | 4 | |
24 total
» build order
00:12 Altar of Storms
00:47 Orc Burrow
01:01 War Mill
01:14 Orc Burrow
02:19 Orc Burrow
02:29 Voodoo Lounge
02:38 Orc Burrow
02:53 Watch Tower
04:17 Barracks
04:24 Watch Tower
04:26 Watch Tower
05:59 Orc Burrow
06:13 Watch Tower
06:17 Watch Tower
07:01 Stronghold
07:26 Orc Burrow
08:50 Orc Burrow
09:25 Fortress
11:05 Beastiary
11:12 Spirit Lodge
14:48 Great Hall
26:22 Great Hall
26:26 Great Hall
26:31 Great Hall
» items
| Boots of Speed | 3 | |
| Circlet of Nobility | 1 | |
| Lesser Clarity Potion | 2 | |
| Healing Salve | 3 | |
| Orb of Lightning | 2 | |
| Tiny Great Hall | 1 | |
| Dust of Appearance | 1 | |
| Potion of Healing | 1 | |
14 total
Chat log
(31:06 / All) bugaloo: god you try so hard to micro pointlessly
(31:10 / All) bugaloo: to cover up for no strategy
(31:11 / All) StrategicDeathx: gg you got lucky
(31:13 / All) bugaloo: LOL